 Dungeon Crawl Stone Soup version 0.23.2-1-ga50397a (webtiles) character file.

Game seed: 12792844465026205093

330 doot the Covert (level 6, -2/30 HPs)
             Began as a Spriggan Assassin on May 4, 2019.
             Was an Initiate of Nemelex Xobeh.
             Slain by Grinder (5 damage)
             ... while paralysed by Grinder
             ... on level 4 of the Dungeon.
             The game lasted 00:07:59 (2639 turns).

doot the Covert (Spriggan Assassin)                 Turns: 2639, Time: 00:08:00

Health: -2/30      AC:  3    Str:  7    XL:     6   Next: 26%
Magic:  7/7        EV:  4    Int: 14    God:    Nemelex Xobeh [......]
Gold:   298        SH:  0    Dex: 18    Spells: 5/5 levels left

rFire    . . .     SeeInvis +   a - +2 dagger
rCold    . . .     Gourm    .   (shield restricted)
rNeg     . . .     Faith    .   c - +0 robe
rPois    +         Spirit   .   (helmet restricted)
rElec    .         Reflect  .   d - +0 cloak
rCorr    .         Harm     .   (gloves unavailable)
MR       +....                  (boots unavailable)
Stlth    ++++......             (no amulet)
HPRegen  0.10/turn              h - ring of poison resistance
MPRegen  0.10/turn              (no ring)

@: paralysed, very quick
A: very small, unfitting armour, see invisible, herbivore, speed 3, slow
metabolism 2
a: Draw Escape, Draw Destruction, Draw Summoning, Renounce Religion


You were on level 4 of the Dungeon.
You worshipped Nemelex Xobeh.
Nemelex Xobeh was noncommittal.
You were not hungry.

You visited 2 branches of the dungeon, and saw 5 of its levels.

You collected 298 gold pieces.

Inventory:

Hand Weapons
 a - a +2 dagger (weapon)
 b - a +0 blowgun
Missiles
 e - 25 poisoned needles
 f - 2 curare-tipped needles
Armour
 c - a +0 robe (worn)
 d - a +0 cloak (worn)
Jewellery
 h - a ring of poison resistance (left hand)
Wands
 s - a wand of paralysis (9)
 w - a wand of random effects (22)
Scrolls
 i - a scroll of immolation {unknown}
 j - a scroll of remove curse {unknown}
 k - 5 scrolls of identify {unknown}
 l - 2 scrolls of teleportation {unknown}
 p - 2 scrolls of enchant armour {unknown}
 u - a scroll of fog {unknown}
 v - a scroll of enchant weapon {unknown}
Potions
 m - a potion of berserk rage {unknown}
 n - a potion of lignification {unknown}
 o - a potion of curing {unknown}
 q - a potion of degeneration {unknown}
 r - 2 potions of brilliance {unknown}
 t - 2 potions of ambrosia {unknown}
Comestibles
 g - 7 rations


   Skills:
 + Level 2.3 Fighting
 + Level 3.6 Short Blades
 + Level 2.6 Throwing
 + Level 2.9 Dodging
 + Level 9.4 Stealth


You had 5 spell levels left.
You didn't know any spells.
Your spell library was empty.

Dungeon Overview and Level Annotations

Branches:
Dungeon (4/15)             Temple (1/1) D:4

Altars:
Ashenzari
Cheibriados
Elyvilon
Fedhas
Nemelex Xobeh
Qazlal
Trog
Wu Jian
Xom
Yredelemnul
The Shining One

Annotations:
D:4 Grinder


Innate Abilities, Weirdness & Mutations

You are very small and have problems with some larger weapons.
You are too small for most types of armour.
You have supernaturally acute eyesight. (SInv)
You are a herbivore.
You cover ground extremely quickly.
You need to consume almost no food.


Message History

You hit Grinder.
Grinder is heavily wounded.
Grinder grins, showing sharp teeth.
Grinder completely misses you.
You hit Grinder but do no damage.
Grinder is heavily wounded.
Grinder gestures at you. Pain shoots through your body!
You hit Grinder.
Grinder is heavily wounded.
Grinder gestures at you.
You suddenly lose the ability to move!
Grinder hits you!
You writhe in agony.
Grinder hits you!
* * * LOW HITPOINT WARNING * * *
You writhe in agony.
* * * LOW HITPOINT WARNING * * *
Grinder hits you.
You die...
Your body disappears without a glow.

#(.....## .## #.....
##.......#
.....######.......
#........##
............####..
......†...# ..........#
#.. .........(##
#........#
...........### #.......#
###......†...###.......#
##.......$...!.5.....#
#...##.......@......#
#...###.....###)....#
#..## #....## ##...[#
#... #..### #....# #..#
#.## ##...# #..# ...#
#.## ...# ...#


You could see Grinder.

Vanquished Creatures
  2 ogres
  A howler monkey (D:4)
  A worker ant (D:4)
  3 adders
  2 dart slugs (D:1)
  2 worms
  2 leopard geckos
  2 ball pythons
  4 giant cockroaches
  8 goblins
  7 hobgoblins
  2 jackals (D:3)
  A quokka (D:3)
  9 bats
  6 frilled lizards
  A giant cockroach zombie (D:4)
  8 kobolds
  A leopard gecko skeleton (D:4)
  4 rats (D:1)
66 creatures vanquished.

Notes
Turn   | Place    | Note
-------+----------+-------------------------------------------
     0 | D:1      | doot the Spriggan Assassin began the quest for the Orb.
     0 | D:1      | Reached XP level 1. HP: 10/10 MP: 2/2
    28 | D:1      | Reached skill level 6 in Stealth
   241 | D:1      | Reached XP level 2. HP: 14/14 MP: 3/3
   731 | D:1      | Reached skill level 7 in Stealth
   806 | D:1      | Reached XP level 3. HP: 18/18 MP: 4/4
  1037 | D:2      | Noticed an ogre
  1124 | D:2      | Killed an ogre
  1124 | D:2      | Reached skill level 8 in Stealth
  1124 | D:2      | Reached XP level 4. HP: 22/23 MP: 5/5
  1460 | D:2      | Reached XP level 5. HP: 26/26 MP: 6/6
  2139 | D:3      | Found a white marble altar of Elyvilon.
  2224 | D:3      | Became a worshipper of Elyvilon the Healer
  2285 | D:4      | Reached skill level 9 in Stealth
  2426 | D:4      | Found a staircase to the Ecumenical Temple.
  2431 | Temple   | Entered the Ecumenical Temple
  2511 | Temple   | Fell from the grace of Elyvilon
  2511 | Temple   | Became a worshipper of Nemelex Xobeh the Trickster
  2574 | D:4      | Received a gift from Nemelex Xobeh
  2612 | D:4      | Noticed an ogre
  2614 | D:4      | Noticed Grinder
  2619 | D:4      | Killed an ogre
  2619 | D:4      | Reached XP level 6. HP: 30/30 MP: 7/7
  2636 | D:4      | Paralysed by Grinder for 5 turns
  2639 | D:4      | Slain by Grinder

Skill      XL: |  1  2  3  4  5 |
---------------+----------------+-----
Stealth        | 6 7 8 9 |  9.4
Fighting       | 2 |  2.3
Dodging        | 2 |  2.9
Short Blades   | 3 |  3.6
Throwing       | |  2.6

Action                   |  1- 3 |  4- 6 || total
-------------------------+-------+-------++-------
Melee: Dagger            |    73 |   113 ||   186
 Fire: Blowgun           |     9 |     8 ||    17
 Stab: Sleeping          |    14 |    14 ||    28
       Distracted        |       |     2 ||     2
Armor: Robe              |     7 |    15 ||    22
Dodge: Dodged            |    51 |    58 ||   109
